 Dungeon Crawl Stone Soup version 0.29.1-15-g9cfb28693d (webtiles) character file.

Game seed: 5142465434492806616

3938 TittyCrusher the Basher (level 10, -14/51 HPs)
             Began as a Vine Stalker Fighter on Mar 13, 2023.
             Was a Follower of Makhleb.
             Demolished by a catoblepas (23 damage)
             ... on level 9 of the Dungeon.
             The game lasted 00:26:27 (7487 turns).

TittyCrusher the Basher (Vine Stalker Fighter)      Turns: 7487, Time: 00:26:27

Health: -14/51     AC: 11    Str: 18 (19) XL:     10   Next: 21%
Magic:  0/11       EV:  9    Int:  7 (8)  God:    Makhleb [*.....]
Gold:   476        SH: 10    Dex: 16 (18) Spells: 7/9 levels left

rFire   . . .      SeeInvis .   a - +0 flail
rCold   + . .      Faith    .   c - +0 buckler
rNeg    . . .      Spirit   +   n - +0 scale mail
rPois   .          Reflect  +   H - +0 helmet
rElec   .          Harm     .   (no cloak)
rCorr   .          Rampage  .   (no gloves)
Will    +....                   (no boots)
Stlth   ..........              D - amulet of reflection
HPRegen 0.97/turn               e - ring of protection from cold
MPRegen 0.12/turn               x - +4 ring of protection

@: mighty, about to teleport
A: fangs 3, regeneration 1, magic shield, antimagic bite, no potion heal 2
a: Renounce Religion


You were on level 9 of the Dungeon.
You worshipped Makhleb.
Makhleb was aware of your devotion.
You visited 2 branches of the dungeon, and saw 10 of its levels.

You collected 476 gold pieces.

Inventory:

Hand Weapons
 a - a +0 flail (weapon)
 b - a +0 sling
 q - a +1 dagger of protection
Missiles
 f - 16 poisoned darts (quivered)
 i - 4 curare-tipped darts
 o - 48 stones
 s - 5 boomerangs
 w - 6 atropa-tipped darts
 E - a throwing net
Armour
 c - a +0 buckler (worn)
 n - a +0 scale mail (worn)
 A - a +0 plate armour
 F - a +0 leather armour of cold resistance
 H - a +0 helmet (worn)
 O - a +0 ring mail
 T - +0 acid dragon scales
 U - a +0 chain mail
Jewellery
 d - a ring of positive energy
 e - a ring of protection from cold (left hand)
 g - a ring of flight
 x - a +4 ring of protection (right hand)
 D - an amulet of reflection (around neck)
 J - a ring of see invisible
Wands
 y - a wand of paralysis (1)
 R - a wand of light (3)
Scrolls
 h - a scroll of poison
 j - 2 scrolls of teleportation
 k - 2 scrolls of magic mapping
 p - a scroll of noise {unknown}
 r - 2 scrolls of amnesia
 t - a scroll of summoning {unknown}
 u - 3 scrolls of fog
 v - 3 scrolls of silence
 z - a scroll of enchant weapon {unknown}
 L - a scroll of immolation {unknown}
 Q - a scroll of enchant armour {unknown}
 S - a scroll of torment {unknown}
Potions
 B - a potion of flight
 C - 4 potions of curing
 G - a potion of invisibility {unknown}
 K - a potion of magic
 M - a potion of might
 N - a potion of brilliance {unknown}
 P - a potion of haste {unknown}


   Skills:
 - Level 4.3 Fighting
 + Level 12.8 Maces & Flails
 - Level 2.4 Armour
 - Level 2.6 Shields


You had 7 spell levels left.
You knew the following spells:

 Your Spells              Type           Power      Damage    Failure   Level
a - Blink                 Tloc           0%         N/A       96%         2

Your spell library contained the following spells:

 Spells                   Type           Power      Damage    Failure   Level
 Sting                    Tmut/Pois      0%         1d3       89%         1
 Ensorcelled Hibernation  Hex/Ice        0%         N/A       96%         2
 Passwall                 Tmut/Erth      0%         N/A       96%         2
 Poisonous Vapours        Pois/Air       0%         N/A       96%         2
 Sublimation of Blood     Necr           0%         N/A       96%         2
 Lesser Beckoning         Tloc           0%         N/A       99%         3
 Swiftness                Air            0%         N/A       99%         3
 Olgreb's Toxic Radiance  Pois           0%         N/A       100%        4
 Petrify                  Tmut/Erth      0%         N/A       100%        4
 Summon Lightning Spire   Summ/Air       0%         N/A       100%        4
 Irradiate                Conj/Tmut      0%         3d11      100%        5
 Manifold Assault         Tloc           0%         N/A       100%        5
 Storm Form               Tmut/Air       0%         N/A       100%        7
 Maxwell's Capacitive Co  Air            0%         ∞         100%        8


Dungeon Overview and Level Annotations

Branches:
Dungeon (9/15)             Temple (1/1) D:6
   Lair: D:8-11         Orc: D:9-12

Altars:
Ashenzari
Cheibriados
Dithmenos
Elyvilon
Kikubaaqudgha
Makhleb
Nemelex Xobeh
Okawaru
Sif Muna
Uskayaw
Zin
The Shining One

Shops:
D:1 :   D:4 *   D:8 :

Annotations:
D:3 exclusion: downstairs
D:4 2 transporters
D:5 3 runed translucent doors, javelincjr's ghost, amateur DjCj
D:6 1 runed translucent door, Crazy Yiuf
D:8 exclusion: downstairs


Innate Abilities, Weirdness & Mutations

You have razor-sharp teeth.
Your natural rate of healing is unusually fast.
When hurt, damage is shared between your health and your magic reserves.
Your bite disrupts and absorbs the magic of your enemies.
Potions cannot restore your health.


Message History

You feel your dexterity returning.
You sock the catoblepas! You bite the catoblepas. You drain its power.
The catoblepas is moderately wounded.
The yak is engulfed in calcifying dust. x2; The yak stops moving altogether!
You block the catoblepas's attack.
You sock the catoblepas!
The catoblepas is moderately wounded.
The yak is engulfed in calcifying dust.
A cyclops comes into view.
You sock the catoblepas!
The catoblepas is heavily wounded.
The catoblepas gores you.
You hit the catoblepas. Your bite misses the catoblepas.
The catoblepas is heavily wounded.
You block the catoblepas's attack.
You hit the catoblepas but do no damage.
You bite the catoblepas! You drain its power.
The catoblepas is severely wounded.
The catoblepas breathes a plume of calcifying dust at you.
The blast of calcifying dust hits you.
The cyclops throws a large rock.
The large rock hits you!!!
Ouch! That really hurt!
* * * LOW HITPOINT WARNING * * *
Okay, then.
Unknown command.
Blink to where?
Press: ? - help, Dir - move target
As you read the scroll of blinking, it crumbles to dust.
As you read the scroll of fog, it crumbles to dust.
The scroll dissolves into smoke.
The cyclops shouts!
You see here an ugly thing corpse.
Okay, then.
Okay, then.
Unknown command.
As you read the scroll of teleportation, it crumbles to dust.
You feel strangely unstable.
The catoblepas attacks as you move away!
The catoblepas gores you!!
You die...

....# #.#.. ..C #...##.###
....# #.#. #.#####u#.##.
....#####.Y##
##.#...#!##.# ..........#
#. .# #.#######.#
.#######CY#. . . .##..$#
#.## .# #..##.#.
.#.####.####.## .#
#..Y##§§# #§.##..C....##.#
.#
#.#§.##§§#§§##..#####..##.
.# #.Y#§.###@###..## #..##
.# ##...§.§Y§§§§.## #... .
###..§§####### #### ######


You could see a catoblepas.

Vanquished Creatures
  An ugly thing (D:9)
  Grinder (D:6)
  Sigmund (D:6)
  A wyvern (D:7)
  A yak (D:9)
  A steam dragon (D:6)
  An acid dragon (D:9)
  A water moccasin (D:7)
  An orc warrior (D:9)
  A black bear (D:4)
  A sky beast (D:8)
  2 ice beasts
  2 ogres
  A phantom (D:6)
  Blork the orc (D:5)
  A kobold brigand (D:7)
  4 bullfrogs
  7 scorpions
  A necrophage (D:7)
  A wight (D:9)
  9 killer bees
  3 hounds
  2 orc priests
  A jelly (D:5)
  2 orc wizards
  4 iguanas
  6 gnolls
  6 adders
  2 shadow imps
  2 white imps
  2 worms
  3 dart slugs
  8 orcs
  3 endoplasms
  2 giant cockroaches
  9 goblins
  5 hobgoblins
  4 jackals (D:5)
  2 quokkas
  4 ball pythons
  8 bats
  A frilled lizard (D:3)
  6 kobolds
  5 rats (D:2)
130 creatures vanquished.

Notes
Turn   | Place    | Note
-------+----------+-------------------------------------------
     0 | D:1      | TittyCrusher the Vine Stalker Fighter began the quest for
                  | the Orb.
     0 | D:1      | Reached XP level 1. HP: 11/11 MP: 2/2
   217 | D:1      | Reached XP level 2. HP: 16/16 MP: 3/3
   289 | D:1      | Found Ynod's Vocational Training.
  1045 | D:2      | Reached XP level 3. HP: 21/21 MP: 4/4
  1348 | D:2      | Learned a level 2 spell: Blink
  1469 | D:2      | Found a faded altar of an unknown god.
  2121 | D:3      | Gained mutation: Your natural rate of healing is unusually
                  | fast. [Vine Stalker growth]
  2121 | D:3      | Reached XP level 4. HP: 26/26 MP: 5/5
  2246 | D:4      | Noticed a black bear
  2266 | D:4      | Killed a black bear
  2267 | D:4      | Reached skill level 3 in Maces & Flails
  2267 | D:4      | Reached XP level 5. HP: 29/30 MP: 6/6
  2385 | D:4      | Found Zauv Ves's General Store.
  2507 | D:4      | Found a transporter.
  2547 | D:4      | Reached skill level 4 in Maces & Flails
  2585 | D:4      | Found a transporter.
  2863 | D:4      | Reached XP level 6. HP: 34/34 MP: 7/7
  3116 | D:5      | Entered Level 5 of the Dungeon
  3180 | D:5      | Noticed an ice beast
  3189 | D:5      | Killed an ice beast
  3190 | D:5      | Reached skill level 5 in Maces & Flails
  3211 | D:5      | Reached XP level 7. HP: 31/38 MP: 6/8
  3218 | D:5      | Reached skill level 6 in Maces & Flails
  3254 | D:5      | Found a runed translucent gate.
  3255 | D:5      | Found a runed translucent gate.
  3257 | D:5      | Identified the +9 mace of the Ubiquitous God {drain, Str+3
                  | Int+5 Stlth+}
  3258 | D:5      | Identified the +1 chain mail of Jasoblo {rF+ Will- Regen+}
  3258 | D:5      | Noticed javelincjr's ghost (amateur DjCj)
  3286 | D:5      | Found a runed translucent gate.
  3343 | D:5      | Noticed Blork the orc
  3355 | D:5      | Killed Blork the orc
  3356 | D:5      | Reached skill level 7 in Maces & Flails
  3713 | D:5      | Gained mutation: You have razor-sharp teeth. [Vine Stalker
                  | growth]
  3713 | D:5      | Reached XP level 8. HP: 36/42 MP: 7/9
  4345 | D:6      | Reached skill level 8 in Maces & Flails
  4575 | D:6      | Reached skill level 9 in Maces & Flails
  4724 | D:6      | Found a sparkling altar of Nemelex Xobeh.
  4736 | D:6      | Noticed Grinder
  4756 | D:6      | Paralysed by Grinder for 5 turns
  4768 | D:6      | Killed Grinder
  4824 | D:6      | Found a staircase to the Ecumenical Temple.
  4873 | D:6      | Reached XP level 9. HP: 46/46 MP: 10/10
  4878 | Temple   | Entered the Ecumenical Temple
  4973 | Temple   | Became a worshipper of Makhleb the Destroyer
  5114 | D:6      | Reached skill level 10 in Maces & Flails
  5158 | D:6      | Noticed Sigmund
  5168 | D:6      | Killed Sigmund
  5287 | D:6      | Found a runed translucent door.
  5288 | D:6      | Noticed Crazy Yiuf
  5990 | D:7      | Reached skill level 11 in Maces & Flails
  6036 | D:7      | Found an ancient bone altar of Kikubaaqudgha.
  6166 | D:7      | Found a broken altar of Ashenzari.
  6537 | D:8      | Found Yrchirirgh's Self-Improvement Boutique.
  6571 | D:8      | Found a shadowy altar of Dithmenos.
  6911 | D:8      | Reached skill level 12 in Maces & Flails
  7049 | D:8      | Noticed a catoblepas
  7147 | D:9      | Reached * piety under Makhleb
  7185 | D:9      | Found an iron altar of Okawaru.
  7197 | D:9      | Noticed a hornet
  7375 | D:9      | Reached XP level 10. HP: 51/51 MP: 11/11
  7395 | D:9      | Noticed a brown ugly thing
  7395 | D:9      | Noticed a white ugly thing
  7436 | D:9      | Noticed a cyclops
  7458 | D:9      | Killed a brown ugly thing
  7459 | D:9      | Noticed a catoblepas
  7475 | D:9      | Noticed a cyclops
  7479 | D:9      | HP: 2/51 [cyclops/large rock (27)]
  7487 | D:9      | Demolished by a catoblepas

Illustrated notes

Levels and vault maps discovered:
D:1:      lemuel_arrival_broad_hall, layout_basic, nicolae_shop_vocational
D:2:      layout_rooms, hellmonk_ecumenical_altar_inner_sanctum
D:3:      layout_rooms
D:4:      gammafunk_steamed_eel, layout_gridville, serial_shops,
          nicolae_shop_competitors_out_of_business
D:5:      layout_gridville, biasface_ghost_orc_armoury, roderic_lattice_a,
          chequers_decorated_corner, uniq_blork_the_orc
D:6:      minmay_skewed_foursquare, layout_loops_corners,
          mainiacjoe_overflow_24_doors, minmay_temple_entry_mist,
          uniq_crazy_yiuf_cottage, uniq_grinder, uniq_sigmund
D:7:      layout_loops_ring, lemuel_tele_altar, lemuel_coloured_pillars_altar,
          serial_bayou_pond_e
D:8:      layout_loops_ring, mainiacjoe_overflow_paths, nicolae_shop_self_help
D:9:      minmay_the_grid_octo_tiled_octocenter
          [minmay_the_grid_octo_fan_narrow, minmay_the_grid_octo_thin_diamonds,
          minmay_the_grid_octo_pinwheel, minmay_the_grid_octo_focus,
          minmay_the_grid_octo_prize_ultimate_mussel_roller,
          minmay_the_grid_square_5x5_empty, minmay_the_grid_square_5x5_v,
          minmay_the_grid_square_5x5_bridge,
          minmay_the_grid_square_5x5_two_small], layout_basic, okawaru_trees_2,
          nicolae_qazlal_general_emergency, minmay_overflow_temple_hex,
          mainiacjoe_overflow_cross_hatched
Temple:   nicolae_temple_great_sept

Skill      XL: |  1  2  3  4  5  6  7  8  9 |
---------------+----------------------------+-----
Fighting       | 3 4 |  4.3
Maces & Flails | 3 4 5 7 9 12 | 12.8
Armour         | |  2.4
Shields        | |  2.6

Action                   |  1- 3 |  4- 6 |  7- 9 | 10-12 || total
-------------------------+-------+-------+-------+-------++-------
Melee: Flail             |    94 |    52 |   233 |    31 ||   410
       Bite              |    19 |    11 |    61 |    12 ||   103
 Fire: Sling             |    25 |     7 |       |       ||    32
Throw: Dart              |       |     7 |    27 |       ||    34
Evoke: Wand              |       |       |     7 |     4 ||    11
  Use: Scroll            |     3 |     1 |     6 |     6 ||    16
       Potion            |     1 |     3 |     3 |     3 ||    10
 Stab: Paralysed         |       |       |    12 |       ||    12
       Petrified         |       |       |       |     2 ||     2
Armor: Scale mail        |    38 |    27 |    66 |     8 ||   139
       Skin              |       |       |     9 |       ||     9
Dodge: Dodged            |    50 |    35 |    65 |     8 ||   158
Block: Buckler           |    32 |    15 |    60 |    11 ||   118
